 Dungeon Crawl Stone Soup version 0.30-a0-715-gdb4ae3ece1 (webtiles) character file.

Game seed: 7602445594585966952

901 gelatine the Firebug (level 7, -2/47 (51) HPs)
             Began as a Demonspawn Fire Elementalist on Jan 24, 2023.
             Slain by a shadow (14 damage)
             ... on level 6 of the Dungeon.
             The game lasted 00:13:18 (7059 turns).

gelatine the Firebug (Demonspawn Fire Elementalist) Turns: 7059, Time: 00:13:18

HP:   -2/47 (51)    AC:  4    Str: 14    XL:     7   Next: 80%
MP:   21/21         EV: 13    Int: 17    God:
Gold: 370           SH:  0    Dex: 17    Spells: 6/13 levels left

rFire   + . .      SeeInvis .    o - +10 spear of Bogge {elec, rF+}
rCold   . . .      Faith    .    (no shield)
rNeg    . . .      Spirit   .    a - +0 robe
rPois   .          Reflect  .    y - +2 hat
rElec   .          Harm     .    (no cloak)
rCorr   .          Rampage  .    (no gloves)
Will    .....                    (no boots)
Stlth   ++                       (no amulet)
HPRegen 0.27/turn                w - +6 ring of strength
MPRegen 0.17/turn                B - ring of magical power

@: drained
A: powered by pain 2, demonic touch 1, agile 1, MP-powered wands
a: no special abilities


You were on level 6 of the Dungeon.
You visited 1 branch of the dungeon, and saw 6 of its levels.
You also visited: Sewer.

You collected 370 gold pieces.

Inventory:

Hand Weapons
 g - a +0 dagger of venom
 o - the +10 spear of Bogge (weapon) {elec, rF+}
   (You found it on level 2 of the Dungeon)

   rF:        It protects you from fire.
 v - a +3 vampiric dagger
 E - a +3 falchion
Armour
 a - a +0 robe (worn)
 l - a +0 buckler
 t - a +0 pair of gloves
 y - a +2 hat (worn)
Jewellery
 w - a +6 ring of strength (left hand)
 B - a ring of magical power (right hand)
Wands
 i - a wand of mindburst (11)
 u - a wand of flame (8)
Scrolls
 e - a scroll of noise
 h - 3 scrolls of blinking
 C - a scroll of vulnerability
 G - 2 scrolls of enchant weapon
Potions
 b - 2 potions of magic
 c - 2 potions of flight
 d - 5 potions of resistance
 f - 4 potions of might
 n - 4 potions of haste
 q - 2 potions of mutation
 r - a potion of curing {unknown}
 z - 2 potions of heal wounds {unknown}
 D - 2 potions of lignification {unknown}
 F - a potion of degeneration {unknown}


   Skills:
 * Level 2.4 Fighting
 * Level 2.3 Polearms
 * Level 3.1 Dodging
 + Level 2.4 Stealth
 + Level 3.6 Spellcasting
 * Level 3.7 Conjurations
 * Level 4.7 Fire Magic
 * Level 2.2 Evocations


You had 6 spell levels left.
You knew the following spells:

 Your Spells              Type           Power      Damage    Failure   Level
a - Foxfire               Conj/Fire      68%        2x1d7     3%          1
b - Scorch                Fire           38%        2d6       3%          2
c - Flame Wave            Conj/Fire      17%        2d7       28%         4

Your spell library contained the following spells:

 Spells                   Type           Power      Damage    Failure   Level
 Inner Flame              Hex/Fire       11%        N/A       19%         3
 Kindle Blastsparks       Fire/Tloc/Air  16%        2d11      26%         3


Dungeon Overview and Level Annotations

Branches:
Dungeon (6/15)              Sewer (visited)
 Temple: D:4-7

Altars:
Okawaru

Annotations:
D:6 Grinder


Innate Abilities, Weirdness & Mutations

You sometimes gain power by taking damage.
Your touch may inflict minor irresistible damage on your foes.
You are agile. (Dex +4, Str/Int -1)
You expend magic power (3 MP) to strengthen your wands.


Message History

Grinder's fire resistance burns away.
The foxfire hits Grinder.
Grinder is burned terribly!
Grinder is moderately wounded.
The foxfire hits Grinder.
Grinder is burned terribly!
Grinder is heavily wounded.
Grinder closely misses you.
Casting: Scorch (safe; 3% risk of failure)
Confirm with . or Enter, or press ? or * to list all spells.
Flames lash the phantom.
The phantom is lightly damaged.
The phantom's fire resistance burns away.
Grinder gestures at you.
You suddenly lose the ability to move!
A wight comes into view. It is wielding a +5 dagger.
A wight comes into view. It is wielding a +0 spear.
A wight comes into view. It is wielding a +0 hand axe.
A wight comes into view. It is wielding a +2 halberd.
Grinder gestures at you. Pain shoots through your body!
You focus on the pain.
You feel your power returning. The phantom hits you.
The phantom blinks!
You blink.
The phantom hits you.
The wight hits you from afar with a +0 trident.
You feel drained.
The shadow slips into darkness.
The shadow flickers and vanishes!
Deactivating autopickup; reactivate with Ctrl-A.
Grinder hits you but does no damage.
Grinder is no longer more vulnerable to fire.
The phantom hits you. Grinder gestures at you.
You shrug off the repeated paralysis!
The wight hits you from afar with a +0 trident.
You feel drained.
You can move again.
The phantom is no longer more vulnerable to fire.
Grinder hits you.
You writhe in agony.
* * * LOW HITPOINT WARNING * * *
The shadow strikes at you from the darkness!
You die...

.........#
..........#
#......>..##
...>.......
.....z..z.#
.......zzz#
........W.#####.
....(..5........
.......@......##
.........######
##########


You could see Grinder, a phantom and 5 wights.

Vanquished Creatures
  4 kobold brigands (Sewer)
  4 scorpions
  Jessica (D:3)
  An iguana (D:5)
  Ijyb (D:2)
  5 gnolls
  4 river rats (Sewer)
  5 adders
  A shadow imp (D:5)
  A white imp (D:5)
  An ufetubus (D:5)
  9 worms
  2 dart slugs
  2 orcs (D:5)
  14 endoplasms
  4 giant cockroaches
  17 goblins
  11 hobgoblins
  6 jackals
  5 kobolds
  6 quokkas
  12 ball pythons
  12 bats
  2 frilled lizards
  14 rats
144 creatures vanquished.

Vanquished Creatures (others)
  432 foxfires
432 creatures vanquished.

Grand Total: 576 creatures vanquished

Notes
Turn   | Place    | Note
-------+----------+-------------------------------------------
     0 | D:1      | gelatine the Demonspawn Fire Elementalist began the quest
                  | for the Orb.
     0 | D:1      | Reached XP level 1. HP: 13/13 MP: 3/3
   196 | D:1      | Reached skill level 3 in Fire Magic
   314 | D:1      | Gained mutation: Your touch may inflict minor irresistible
                  | damage on your foes. [demonic ancestry]
   314 | D:1      | Reached XP level 2. HP: 14/19 MP: 0/5
  1485 | D:1      | Gained mutation: You sometimes gain a little power by
                  | taking damage. [demonic ancestry]
  1485 | D:1      | Reached XP level 3. HP: 25/25 MP: 4/6
  1488 | D:1      | Learned a level 2 spell: Scorch
  1799 | D:2      | Noticed Ijyb
  1816 | D:2      | Killed Ijyb
  1899 | D:2      | Reached XP level 4. HP: 31/31 MP: 4/7
  2164 | D:2      | Reached skill level 1 in Fighting
  2636 | D:2      | Identified the +10 spear of Bogge {elec, rF+}
  3469 | D:3      | Noticed Jessica
  3472 | D:3      | Killed Jessica
  3514 | D:3      | Reached XP level 5. HP: 37/37 MP: 5/9
  4492 | D:4      | Reached skill level 1 in Evocations
  4585 | D:4      | Gained mutation: You sometimes gain power by taking damage.
                  | [demonic ancestry]
  4585 | D:4      | Reached XP level 6. HP: 33/44 MP: 2/10
  4685 | D:4      | Reached skill level 4 in Fire Magic
  4861 | D:4      | Learned a level 4 spell: Flame Wave
  5237 | D:5      | Entered Level 5 of the Dungeon
  5251 | D:5      | Reached skill level 1 in Polearms
  5466 | D:5      | Reached XP level 7. HP: 45/49 MP: 12/12
  5471 | D:5      | Found an iron altar of Okawaru.
  5509 | D:5      | Found a glowing drain.
  5521 | Sewer    | Entered a sewer
  6409 | D:5      | Gained mutation: You are agile. (Dex +4, Str/Int -1)
                  | [potion of mutation]
  6409 | D:5      | Gained mutation: You expend magic power (3 MP) to
                  | strengthen your wands. [potion of mutation]
  6798 | D:5      | Identified the +0 ring mail of Rufrut {-Tele rC++ Dex-2
                  | Stlth+}
  7051 | D:6      | Noticed Grinder
  7051 | D:6      | Noticed a shadow
  7054 | D:6      | Paralysed by Grinder for 4 turns
  7059 | D:6      | Slain by a shadow

Illustrated notes

Levels and vault maps discovered:
D:1:      dpeg_arrival_round_b, layout_basic
D:2:      kennysheep_the_goblin_king, layout_basic
D:3:      minmay_thinvault, layout_basic, dreamdust_princess_corridor,
          minmay_cupped, uniq_jessica
D:4:      layout_cave_pools, minmay_goblin_kobold_house
D:5:      layout_cave_pods, kennysheep_okawaru_gauntlet, portal_sewer_entry_d
D:6:      layout_rooms, minmay_temple_entry_mist, chequers_garden, uniq_grinder

Skill      XL: |  1  2  3  4  5  6  7 |
---------------+----------------------+-----
Fire Magic     | 3 4 |  4.7
Dodging        | 2 3 |  3.1
Fighting       | 1 2 |  2.4
Stealth        | 2 |  2.4
Conjurations   | 2 3 |  3.7
Evocations     | 1 2 |  2.2
Spellcasting   | 3 |  3.6
Polearms       | 1 2 |  2.3

Action                     |  1- 3 |  4- 6 |  7- 9 || total
---------------------------+-------+-------+-------++-------
  Melee: Unarmed           |     4 |       |       ||     4
         Dagger            |     7 |     9 |       ||    16
         Touch             |     1 |     5 |    13 ||    19
         Spear             |       |    42 |    88 ||   130
   Cast: Foxfire           |    86 |   144 |    34 ||   264
         Scorch            |       |     4 |     5 ||     9
    Use: Scroll            |       |     2 |    13 ||    15
         Potion            |       |       |     1 ||     1
   Stab: Sleeping          |       |     1 |       ||     1
 Armour: Robe              |     3 |    17 |    15 ||    35
  Dodge: Dodged            |    11 |    46 |    39 ||    96

Table legend: (Time is in decaauts)
 A = Elapsed time spent in this place.
 B = Non-inter-level travel time spent in this place.
 C = Inter-level travel time spent in this place.
 D = Time resting spent in this place.
 E = Time spent auto-exploring this place.
 F = Levels seen in this place.
 G = Mean time per level.
                   A        B        C        D        E       F      G
               +--------+--------+--------+--------+--------+-----+--------+
         Total |   7232 |   7170 |     62 |      0 |   6040 |   7 | 1033.1 |
       Dungeon |   6185 |   6123 |     62 |      0 |   5264 |   6 | 1030.8 |
         Sewer |   1047 |   1047 |      0 |      0 |    776 |   1 | 1047.0 |
               +--------+--------+--------+--------+--------+-----+--------+

Top non-repeatable levels by time:
     D:1: 1785 daAuts
     D:3: 1463 daAuts
     D:2: 1144 daAuts
   Sewer: 1047 daAuts
     D:5: 940 daAuts
     D:4: 843 daAuts
     D:6: 7 daAuts
